AoeStats
← larrery

Nomad

509868000Analyzed
2v2 RM · 5d ago on Sep 28, 2026· 43m 4s· 4 players
Game mode
Random Map
Map size
176×176
Population
200
Speed
Normal
Resources
Standard
Victory
Conquest
Starting age
Dark Age
Ending age
Imperial Age
RankedLock teamsTeams togetherTeam positionsShared explorationLock speedFull tech treeHidden civsTurbo modeCheats
Victory
Defeat
🇳🇴 Ethiopians · Norway
1045
+14
🇪🇸 Inca · Spain
1001
+16
🇭🇰 Spanish · Hong Kong SAR China
1005
-15
🇨🇴 Muisca · Colombia
1004
-15
Shin Kawashima
12:46 Loom
14:38 Feudal Age
16:05 Horse Collar
20:11 Castle Age
19:00 Gold Mining
20:56 Bloodlines
21:47 Double-Bit Axe
23:43 Padded Archer Armor
28:07 Leather Archer Armor
31:22 Bow Saw
larrery
11:04 Loom
13:31 Feudal Age
14:43 Double-Bit Axe
15:28 Gold Mining
21:38 Castle Age
19:45 Fletching
21:27 Padded Archer Armor
21:48 Crossbowman
22:53 Squires
23:46 Bodkin Arrow
PIGGI A MAND!!!
3:52 Loom
13:36 Feudal Age
14:14 Double-Bit Axe
19:02 Castle Age
17:33 Gold Mining
17:45 Horse Collar
24:13 Stone Mining
44:14 Imperial Age
Joaksss
13:49 Feudal Age
14:43 Loom
17:49 Castle Age
15:50 Double-Bit Axe
17:46 Gold Mining
21:37 Wheelbarrow
20:48 Town Watch
21:08 Horse Collar
23:00 Hand Cart
23:10 Bow Saw
24:24 Scale Mail Armor
25:29 Forging
25:26 Padded Archer Armor
25:30 Fletching
25:30 Elite Skirmisher
28:14 Leather Archer Armor
29:05 Bodkin Arrow
31:09 Thumb Ring
31:16 Heavy Plow
33:39 Forging
35:25 Ballistics
36:11 Champi Runner
37:07 Chain Mail Armor
37:41 Iron Casting
37:07 Squires
37:36 Treadmill Crane
37:25 Champi Warrior
39:02 Arson
41:24 Town Patrol
Connection lost

Rejoining the realm…

Still unreachable

The connection could not be restored.

Session expired

The server has moved on; the page needs a fresh start.